 Dungeon Crawl Stone Soup version 0.27.1-37-g7b29ead8ac (webtiles) character file.

Game seed: 2316091357719231846

102832 DankSpanker the Blocker (level 15, 0/177 HPs)
             Began as a Demonspawn Berserker on Oct 9, 2023.
             Was the Champion of Trog.
             Slain by a +2 glaive of protection (23 damage)
             ... on level 2 of the Elven Halls.
             The game lasted 02:59:03 (24149 turns).

DankSpanker the Blocker (Demonspawn Berserker)     Turns: 24149, Time: 02:59:04

Health: 0/177      AC: 39    Str: 37    XL:     15   Next: 87%
Magic:  15/15      EV:  9    Int: 12    God:    Trog [******]
Gold:   463        SH: 15    Dex: 18    Spells: 14/14 levels left

rFire    + . .     SeeInvis .   X - +11 dagger of Courage {spect, rCorr Str+10 Dex+3}
rCold    + . .     Faith    .   C - +3 warlock's mirror {reflect}
rNeg     . . .     Spirit   .   k - +3 gold dragon scales
rPois    +         Reflect  +   A - +1 helmet {Int+3}
rElec    .         Harm     .   j - +2 cloak
rCorr    +         Rampage  .   (gloves unavailable)
Will     +....                  V - +0 pair of boots
Stlth    ..........             f - amulet of regeneration
HPRegen  1.39/turn              c - ring of resist corrosion
MPRegen  0.14/turn              S - +6 ring of strength

@: berserking (expiring), very quick
A: claws 3, yellow scales 1, foul stench 1, icemail 2, condensation shield
a: Renounce Religion, Berserk, Trog's Hand, Brothers in Arms


You were on level 2 of the Elven Halls.
You worshipped Trog.
Trog was exalted by your worship.
You visited 3 branches of the dungeon, and saw 19 of its levels.
You visited 1 bazaar.
You also visited: Sewer.

You collected 1785 gold pieces.
You spent 1322 gold pieces at shops.

Inventory:

Hand Weapons
 d - the +8 rapier of Egeamuma {vorpal, rF+++ rN+++ Str-3 Int-4}
   (Trog gifted it to you on level 15 of the Dungeon)

   It inflicts extra damage upon your enemies.
   Str:       It affects your strength (-3).
   Int:       It affects your intelligence (-4).
   rF:        It renders you almost immune to fire.
   rN:        It renders you almost immune to negative energy.
 i - a -1 double sword of draining
 G - a +1 antimagic triple sword
 K - a +3 demon blade of flaming
 P - the +8 trident of Sin {protect, rPois}
   (You found it on level 9 of the Dungeon)

   It grants its wielder temporary protection when it strikes (+7 to AC).
   rPois:     It protects you from poison.
 X - the +11 dagger of Courage (weapon) {spect, rCorr Str+10 Dex+3}
   (You found it on level 11 of the Dungeon)

   When its wielder attacks, the weapon's spirit leaps out and strikes again.
   The spirit shares a part of any damage it takes with its wielder.
   Str:       It affects your strength (+10).
   Dex:       It affects your dexterity (+3).
   rCorr:     It protects you from acid and corrosion.
Armour
 h - a scarf of resistance
 j - a +2 cloak (worn)
 k - +3 gold dragon scales (worn)
 p - a +0 troll leather armour {Purgy}
 q - a scarf of invisibility
 A - a +1 helmet of intelligence (worn)
 C - the +3 warlock's mirror (worn) {reflect}
   (You acquired it on level 6 of the Dungeon)

   It can block and reflect piercing ranged attacks and magical attacks against
   the wielder's willpower.
 F - the +0 plate armour of Catatonia {SInv}
   (You found it on level 2 of the Elven Halls)

   SInv:      It lets you see invisible.
 V - a +0 pair of boots (worn)
Jewellery
 c - a ring of resist corrosion (left claw)
 e - a ring of ice
 f - an amulet of regeneration (around neck)
 l - an amulet of magic regeneration
 u - a ring of fire
 y - a +6 ring of intelligence
 B - an amulet of faith
 D - a ring of flight
 J - an amulet of reflection
 S - a +6 ring of strength (right claw)
Scrolls
 a - a scroll of blinking
 b - a scroll of torment
 g - 2 scrolls of holy word
 s - 2 scrolls of silence
 x - a scroll of fear
 z - a scroll of immolation
 E - 8 scrolls of teleportation
 H - a scroll of summoning
 I - 3 scrolls of identify
 L - 3 scrolls of vulnerability
 M - 6 scrolls of fog
Potions
 m - 3 potions of curing
 n - a potion of invisibility
 t - a potion of cancellation
 w - 2 potions of might
 R - a potion of ambrosia
 U - 6 potions of lignification
 Y - 2 potions of haste
Miscellaneous
 o - a box of beasts
 r - a lightning rod (4/4)
 v - a tin of tremorstones (2/2)
 W - a box of beasts


   Skills:
 + Level 11.0 Fighting
 - Level 7.7(10.0) Short Blades
 + Level 9.8(10.9) Long Blades
 + Level 7.0 Polearms
 + Level 12.4 Armour
 + Level 4.2 Dodging
 + Level 7.5 Stealth
 + Level 14.2 Shields


You had 14 spell levels left.
You didn't know any spells.
Your spell library was empty.

Dungeon Overview and Level Annotations

Branches:
Dungeon (15/15)            Temple (0/1) D:5            Lair (0/6) D:8
    Orc (2/2) D:10            Elf (2/3) Orc:2        Vaults (0/5) D:13
 Depths (0/5) D:15          Sewer (visited)

Altars:
Cheibriados
Fedhas
Hepliaklqana
Makhleb
Nemelex Xobeh
Okawaru
Ru
Trog
Uskayaw
Vehumet
Xom
Yredelemnul
Beogh

Shops:
D:1 (   D:4 *   D:7 (   D:13 ?   Orc:2 ([(?   Elf:1 [

Annotations:
D:7 exclusion: statue


Innate Abilities, Weirdness & Mutations

You have claws for hands.
You are partially covered in yellow scales. (AC +2)
You may rarely emit foul miasma when damaged in melee.
A meltable icy envelope protects you from harm. (AC +8)
A meltable shield of frost defends you. (SH +4)


Message History

The fire elemental is almost destroyed.
Your +11 dagger of Courage {spect, rCorr Str+10 Dex+3} hits the fire elemental.
You destroy the fire elemental!
Trog accepts your kill.
Your +11 dagger of Courage {spect, rCorr Str+10 Dex+3} is engulfed in blazing flames.
The +2 glaive of protection hits you from afar!
A +2 glaive of protection is nearby!
You puncture something!
Your +11 dagger of Courage {spect, rCorr Str+10 Dex+3} hits something!
Your +11 dagger of Courage {spect, rCorr Str+10 Dex+3} is engulfed in blazing flames.
You puncture something!
Your +11 dagger of Courage {spect, rCorr Str+10 Dex+3} closely misses something.
You hear some strange, mumbled words.
A lance of force appears from out of thin air!
The lance of force hits you!
You are knocked back by the lance of force.
Your +11 dagger of Courage {spect, rCorr Str+10 Dex+3} is engulfed in blazing flames.
You see here a +1 hand axe of venom.
You feel a strong urge to attack something.
You block the +2 glaive of protection's attack.
You hear some strange, mumbled words.
A shard of ice appears from out of thin air!
The shard of ice hits you!!! You partially resist.
* * * LOW HITPOINT WARNING * * *
You impale something!! Trog accepts your kill.
Trog appreciates your killing of a magic user.
Reactivating autopickup.
You feel a bit more experienced. The +2 glaive of protection hits you.
* * * LOW HITPOINT WARNING * * *
You see here a +0 short sword.
You puncture the +2 glaive of protection!
The +2 glaive of protection is moderately damaged.
Your +11 dagger of Courage {spect, rCorr Str+10 Dex+3} hits the +2 glaive of protection but does no damage.
You hit the +2 glaive of protection but do no damage.
The +2 glaive of protection is moderately damaged.
Your +11 dagger of Courage {spect, rCorr Str+10 Dex+3} hits the +2 glaive of protection but does no damage.
The +2 glaive of protection hits you!!
You die...

##.......'.......##
#######''........### ####
###............. ##...#
##..............^
##.....###................
#.......#...).....).......
#
..................).......
######
..........................
.....#
.......).@(...............
####.#
#......))()###.........###
#.# ##........##
##.......## #.# ##.......#
#.......# ####.#
#........# #.......#
..[..# #..........
......... ######
..........## ..........#
..........#


You could see a +2 glaive of protection and a friendly +11 dagger of Courage
{spect, rCorr Str+10 Dex+3} (summoned).

Vanquished Creatures
  Jorgrun (D:15)
  Rupert (D:15)
  A deep elf blademaster (Elf:2)
  Donald (Orc:2)
  2 deep elf sorcerers
  3 orc warlords (Orc:2)
  A deep elf annihilator (Elf:1)
  A deep elf death mage (Elf:1)
  Josephine (Orc:2)
  3 boulder beetles (D:15)
  A great orb of eyes (D:15)
  A rakshasa (D:15)
  2 hydras
  Erolcha (Orc:2)
  An ogre mage (Orc:2)
  8 vault guards (D:13)
  A catoblepas (D:15)
  A death knight (D:14)
  12 two-headed ogres
  3 centaur warriors
  A death yak (shapeshifter) (Elf:2)
  2 tengu warriors (D:12)
  18 dancing weapons
  4 orc high priests (Orc:2)
  4 deep elf knights
  3 deep elf archers
  A wizard (Elf:1)
  Pikel (D:4)
  4 orc knights
  9 deep elf pyromancers
  A shining eye (shapeshifter) (D:9)
  13 deep elf zephyrmancers
  4 orc sorcerers
  12 ugly things
  6 cyclopes
  The ghost of Delamore the Cutter, a novice OpBr (D:5)
  A water nymph (shapeshifter) (Elf:2)
  2 gargoyles
  A kobold demonologist (D:12)
  A komodo dragon (D:11)
  A polar bear (shapeshifter) (Elf:2)
  8 trolls
  A troll (shapeshifter) (D:13)
  Prince Ribbit (D:6)
  A jumping spider (shapeshifter) (Elf:1)
  A meliai zombie (D:11)
  A dream sheep (shapeshifter) (D:15)
  12 slime creatures
  2 shadows
  2 air elementals (Elf:2)
  4 yaks (D:10)
  3 water elementals
  Grum (D:8)
  8 wraiths
  A hog (shapeshifter) (D:14)
  9 vampire mosquitoes
  A fire elemental (Elf:2)
  3 basilisks
  A steam dragon (D:9)
  3 acid dragons
  5 wargs
  Edmund (D:4)
  A water moccasin (D:5)
  An ice beast (D:6)
  2 black bears
  2 hornet zombies
  A sky beast (D:5)
  Purgy (Sewer)
  2 necrophages (D:5)
  10 ogres
  38 orc warriors
  5 boggarts
  10 centaurs
  3 wolves (D:8)
  A kobold brigand (D:9)
  A bullfrog (D:9)
  2 gnoll sergeants
  3 earth elementals
  A scorpion (D:5)
  2 wyvern skeletons
  A hornet simulacrum (D:14)
  A water moccasin skeleton (D:6)
  8 wights (D:8)
  13 howler monkeys
  3 electric eels (D:14)
  8 centaur zombies
  2 hounds
  3 jellies (D:6)
  A gnoll shaman (D:8)
  26 orc priests
  3 bullfrog skeletons
  3 iguanas
  Ijyb (D:4)
  19 orc wizards
  A killer bee zombie (D:8)
  A hound zombie (D:5)
  3 hound skeletons (D:4)
  15 gnolls
  3 howler monkey skeletons
  8 adders
  2 shadow imps (D:5)
  A white imp (D:5)
  An ufetubus (D:4)
  An adder skeleton (D:5)
  3 worms
  4 dart slugs
  83 orcs
  9 ball pythons
  4 endoplasms
  2 giant cockroaches
  5 hobgoblins
  6 jackals
  15 kobolds
  3 quokkas
  4 bats
  3 frilled lizards
  6 goblins
  9 rats
575 creatures vanquished.

Vanquished Creatures (others)
  Nessos (D:14)
  A deep elf pyromancer (Elf:1)
  8 plants
10 creatures vanquished.

Grand Total: 585 creatures vanquished

Notes
Turn   | Place    | Note
-------+----------+-------------------------------------------
     0 | D:1      | DankSpanker the Demonspawn Berserker began the quest for
                  | the Orb.
     0 | D:1      | Reached XP level 1. HP: 18/18 MP: 1/1
   317 | D:1      | Gained mutation: A meltable shield of frost defends you.
                  | (SH +4) [demonic ancestry]
   317 | D:1      | Reached XP level 2. HP: 24/24 MP: 2/2
   649 | D:1      | Found Ikimmarch's Weapon Shoppe.
   723 | D:1      | Reached XP level 3. HP: 29/29 MP: 3/3
   842 | D:1      | Reached ** piety under Trog
  1766 | D:2      | Reached XP level 4. HP: 30/36 MP: 4/4
  2177 | D:3      | Found a glowing drain.
  2219 | Sewer    | Entered a sewer
  2386 | Sewer    | Noticed Purgy
  2399 | Sewer    | Killed Purgy
  2400 | Sewer    | Gained mutation: You have sharp fingernails. [demonic
                  | ancestry]
  2400 | Sewer    | Reached XP level 5. HP: 42/42 MP: 5/5
  3060 | D:3      | Found a snail-covered altar of Cheibriados.
  3061 | D:3      | Found a hide-covered altar of Uskayaw.
  3194 | D:4      | Found Diawkait's Lightly-Used Armoury.
  3203 | D:4      | Bought a -3 double sword for 1 gold piece
  3203 | D:4      | Bought a -1 executioner's axe for 50 gold pieces
  3378 | D:4      | Reached skill level 1 in Shields
  3378 | D:4      | Gained mutation: You have very sharp fingernails. [demonic
                  | ancestry]
  3378 | D:4      | Reached XP level 6. HP: 48/48 MP: 6/6
  3441 | D:4      | Noticed Pikel
  3452 | D:4      | Killed Pikel
  3453 | D:4      | Reached skill level 5 in Long Blades
  3453 | D:4      | Reached skill level 1 in Stealth
  3453 | D:4      | Reached skill level 2 in Shields
  3453 | D:4      | Gained mutation: A meltable icy envelope protects you from
                  | harm. (AC +8) [demonic ancestry]
  3453 | D:4      | Reached XP level 7. HP: 55/55 MP: 7/7
  3588 | D:4      | Noticed Edmund
  3602 | D:4      | Killed Edmund
  3603 | D:4      | Found a faded altar of an unknown god.
  3612 | D:4      | Found a hazy altar of Hepliaklqana.
  3877 | D:4      | Reached *** piety under Trog
  4066 | D:4      | Found an iron altar of Okawaru.
  4066 | D:4      | Found a basalt altar of Yredelemnul.
  4182 | D:4      | Noticed Ijyb
  4182 | D:4      | Paralysed by Ijyb for 2 turns
  4192 | D:4      | Paralysed by Ijyb for 5 turns
  4202 | D:4      | Killed Ijyb
  4277 | D:4      | Found a bloodstained altar of Trog.
  4390 | D:5      | Entered Level 5 of the Dungeon
  4505 | D:5      | Reached XP level 8. HP: 53/61 MP: 8/8
  4632 | D:5      | Found a runed translucent gate.
  4634 | D:5      | Found a runed translucent gate.
  4634 | D:5      | Found a runed translucent gate.
  4636 | D:5      | Noticed Delamore's ghost (novice OpBr)
  4741 | D:5      | Reached skill level 5 in Fighting
  4925 | D:5      | Reached skill level 3 in Shields
  5335 | D:5      | Killed Delamore's ghost
  5335 | D:5      | Reached **** piety under Trog
  5336 | D:5      | Reached skill level 4 in Shields
  5346 | D:5      | Gained mutation: You have claws for hands. [demonic
                  | ancestry]
  5346 | D:5      | Reached XP level 9. HP: 61/68 MP: 9/9
  5620 | D:5      | Found a staircase to the Ecumenical Temple.
  5984 | D:6      | Reached skill level 5 in Armour
  6525 | D:6      | Noticed Prince Ribbit
  6534 | D:6      | Reached skill level 5 in Shields
  6684 | D:6      | Identified a scroll of acquirement
  6685 | D:6      | Acquired the +3 warlock's mirror {reflect}
  6685 | D:6      | Found the +3 warlock's mirror {reflect}
  6720 | D:6      | Found a shimmering altar of Xom.
  6722 | D:6      | Found a sacrificial altar of Ru.
  6755 | D:6      | Killed Prince Ribbit
  7261 | D:7      | Found Noepni's Antique Weapon Boutique.
  7485 | D:7      | Found a blossoming altar of Fedhas.
  7896 | D:7      | Reached XP level 10. HP: 77/77 MP: 10/10
  7989 | D:7      | Found a sparkling altar of Nemelex Xobeh.
  8056 | D:7      | Found a radiant altar of Vehumet.
  8698 | D:8      | Reached ***** piety under Trog
  8926 | D:8      | Found a staircase to the Lair.
  9109 | D:8      | Noticed Grum
  9128 | D:8      | Killed Grum
  9873 | D:9      | Reached skill level 6 in Shields
  9969 | D:9      | Identified the +8 trident of Sin {protect, rPois}
 10307 | D:9      | Identified the +0 shortbow of Kabrox {venom, rPois Str+3}
 10431 | D:9      | Noticed a two-headed ogre
 10442 | D:9      | Killed a two-headed ogre
 10534 | D:9      | Noticed a shining eye
 10544 | D:9      | Killed a shining eye
 10545 | D:9      | Reached skill level 1 in Polearms
 10932 | D:10     | Entered Level 10 of the Dungeon
 10977 | D:10     | Found a staircase to the Orcish Mines.
 11268 | D:10     | Gained mutation: A meltable icy envelope protects you from
                  | harm. (AC +8) [demonic ancestry]
 11268 | D:10     | Reached XP level 11. HP: 61/83 MP: 11/11
 11289 | D:10     | Received a gift from Trog
 11290 | D:10     | Reached skill level 7 in Shields
 11515 | D:10     | Found a flagged portal.
 11722 | D:11     | Noticed a two-headed ogre
 11729 | D:11     | Killed a two-headed ogre
 11883 | D:11     | Noticed a purple ugly thing
 11899 | D:11     | Killed a purple ugly thing
 12048 | D:11     | Identified the +11 dagger of Courage {spect, rCorr Str+10
                  | Dex+3}
 12583 | D:11     | Reached skill level 5 in Polearms
 12878 | D:12     | Noticed a tengu warrior
 12889 | D:12     | Killed a tengu warrior
 12891 | D:12     | Noticed a tengu warrior
 12899 | D:12     | Killed a tengu warrior
 12900 | D:12     | Reached skill level 8 in Shields
 12900 | D:12     | Noticed a two-headed ogre
 12906 | D:12     | Killed a two-headed ogre
 13254 | D:12     | Noticed a two-headed ogre
 13260 | D:12     | Killed a two-headed ogre
 13286 | D:12     | Noticed a deep elf pyromancer
 13294 | D:12     | Killed a deep elf pyromancer
 13542 | D:12     | Gained mutation: You may rarely emit foul miasma when
                  | damaged in melee. [demonic ancestry]
 13542 | D:12     | Reached XP level 12. HP: 91/91 MP: 12/12
 13744 | D:13     | Noticed a centaur warrior
 13752 | D:13     | Killed a centaur warrior
 13761 | D:13     | Reached skill level 9 in Shields
 13770 | D:13     | Reached skill level 1 in Short Blades
 13783 | D:13     | Noticed a four-headed hydra
 13785 | D:13     | Noticed a centaur warrior
 13799 | D:13     | Killed a four-headed hydra
 13804 | D:13     | Killed a centaur warrior
 14221 | D:13     | Noticed a two-headed ogre
 14225 | D:13     | Killed a two-headed ogre
 14263 | D:13     | Noticed a vault guard
 14267 | D:13     | Noticed a vault guard
 14274 | D:13     | Killed a vault guard
 14274 | D:13     | Noticed a vault guard
 14275 | D:13     | Noticed a vault guard
 14277 | D:13     | Noticed a vault guard
 14281 | D:13     | Killed a vault guard
 14300 | D:13     | Killed a vault guard
 14301 | D:13     | Killed a vault guard
 14304 | D:13     | Killed a vault guard
 14314 | D:13     | Noticed a vault guard
 14326 | D:13     | Killed a vault guard
 14374 | D:13     | Noticed a vault guard
 14378 | D:13     | Noticed a vault guard
 14393 | D:13     | Killed a vault guard
 14397 | D:13     | Killed a vault guard
 14403 | D:13     | Reached skill level 5 in Short Blades
 14414 | D:13     | Reached XP level 13. HP: 80/99 MP: 13/13
 14417 | D:13     | Reached skill level 10 in Shields
 14688 | D:4      | Bought -2 gold dragon scales for 700 gold pieces
 15070 | D:13     | Found a gate to the Vaults.
 15152 | D:13     | Found Soruizai's Magic Scroll Emporium.
 15802 | D:14     | Noticed Nessos
 15812 | D:14     | Killed Nessos
 15940 | D:13     | Bought a scroll of enchant armour for 97 gold pieces
 16678 | D:15     | Entered Level 15 of the Dungeon
 16833 | D:15     | Found a staircase to the Depths.
 16968 | D:15     | Reached skill level 10 in Armour
 16968 | D:15     | Noticed Jorgrun
 16986 | D:15     | Killed Jorgrun
 16986 | D:15     | Identified the +8 rapier of Egeamuma {vorpal, rF+++ rN+++
                  | Str-3 Int-4} (Trog gifted it to you on level 15 of the
                  | Dungeon)
 16986 | D:15     | Received a gift from Trog
 17167 | D:15     | Noticed Rupert
 17183 | D:15     | Killed Rupert
 17184 | D:15     | Reached skill level 11 in Shields
 17184 | D:15     | Reached XP level 14. HP: 108/108 MP: 14/14
 17598 | D:15     | Reached skill level 5 in Stealth
 17984 | Orc:1    | Entered Level 1 of the Orcish Mines
 18190 | Orc:1    | Found a burning altar of Makhleb.
 18256 | Orc:2    | Entered Level 2 of the Orcish Mines
 18699 | Orc:2    | Noticed Erolcha
 18707 | Orc:2    | Killed Erolcha
 18852 | Orc:2    | Found Qeev's Armour Shoppe.
 18876 | Orc:2    | Found Jaufud's Antique Weapon Emporium.
 19111 | Orc:2    | Noticed an orc warlord
 19160 | Orc:2    | Killed an orc warlord
 19161 | Orc:2    | Reached skill level 12 in Shields
 19343 | Orc:2    | Noticed an orc warlord
 19375 | Orc:2    | Killed an orc warlord
 19832 | Orc:2    | Reached ****** piety under Trog
 19909 | Orc:2    | Found a staircase to the Elven Halls.
 20115 | Orc:2    | Reached skill level 10 in Fighting
 20172 | Orc:2    | Noticed Josephine
 20186 | Orc:2    | Killed Josephine
 20186 | Orc:2    | Received a gift from Trog
 20321 | Orc:2    | Noticed an orc warlord
 20344 | Orc:2    | Killed an orc warlord
 20507 | Orc:2    | Found Inuagos's Weapon Shop.
 20508 | Orc:2    | Noticed Donald
 20676 | Orc:2    | Killed Donald
 20960 | Orc:2    | Found Timm's Magic Scroll Boutique.
 21117 | Orc:2    | Bought a scroll of enchant armour for 105 gold pieces
 21117 | Orc:2    | Bought a scroll of enchant armour for 105 gold pieces
 21411 | Elf:1    | Entered Level 1 of the Elven Halls
 21421 | Elf:1    | Reached skill level 13 in Shields
 21443 | Elf:1    | Gained mutation: You are partially covered in yellow
                  | scales. (AC +2) [demonic ancestry]
 21443 | Elf:1    | Reached XP level 15. HP: 30/115 MP: 15/15
 21706 | Elf:1    | Found Voikeish's Armour Boutique.
 21828 | Elf:1    | Received a gift from Trog
 22016 | Elf:1    | Noticed a deep elf sorcerer
 22024 | Elf:1    | Killed a deep elf sorcerer
 22842 | Elf:1    | Bought a +1 helmet of intelligence for 264 gold pieces
 22956 | Elf:2    | Identified the +0 plate armour of Catatonia {SInv}
 23054 | Elf:2    | Paralysed by an air elemental for 1 turns
 23149 | Elf:2    | Noticed a deep elf sorcerer
 23153 | Elf:2    | Killed a deep elf sorcerer
 23369 | Elf:2    | Found a flickering gateway to a bazaar.
 23370 | Elf:2    | Paralysed by an air elemental for 1 turns
 23382 | Elf:2    | Received a gift from Trog
 23427 | Bazaar   | Entered a bazaar
 23427 | Bazaar   | Found Mipt's Weapon Boutique.
 23427 | Bazaar   | Found Julij's Armour Shop.
 23427 | Bazaar   | Found Rauq's Antique Weapon Shop.
 23685 | Elf:2    | Reached skill level 14 in Shields
 23720 | Elf:2    | Found a runed translucent gate.
 23721 | Elf:2    | Found a runed translucent gate.
 23721 | Elf:2    | Found a runed translucent gate.
 24106 | Elf:2    | Noticed a deep elf blademaster
 24128 | Elf:2    | Killed a deep elf blademaster
 24149 | Elf:2    | Slain by a +2 glaive of protection

Illustrated notes

Levels and vault maps discovered:
D:1:      dpeg_arrival_simpleton_a, layout_loops_corners, serial_shops, shop
D:2:      layout_rooms, minmay_tetromino_s4
D:3:      layout_loops_ring, mainiacjoe_overflow_divided_tiny,
          portal_sewer_entry_b
D:4:      layout_basic, beargit_hepliaklqana_dungeon_heroes, marbit_many_paths,
          jmf_multi_god_temple, minmay_shop_damaged, uniq_ijyb, uniq_pikel
D:5:      minmay_octagon_keep, layout_basic, minmay_temple_entry_slanted,
          gammafunk_ghost_necromancy, minmay_crystal_water, glass_columns_c
D:6:      layout_cave_pools, minitemple, grunt_decor_fettered,
          uniq_prince_ribbit1
D:7:      layout_loops_cross, vehumet_statue, mainiacjoe_overflow_alcove_2,
          mainiacjoe_overflow_tiny_flanked, serial_shops, nicolae_shop_trees
D:8:      layout_basic, lair_entry_dummy, uniq_grum
D:9:      layout_long_grid, minivault_16, hangedman_abyss_or_decor_stabs,
          kennysheep_donut, serial_bayou_pond_d
D:10:     layout_rooms, david_orc_2, enter_bailey_8
D:11:     layout_irregular_city
D:12:     layout_roguey
D:13:     layout_small_grid, erik_vaults_2, serial_shops, kennysheep_little_box
D:14:     layout_basic, uniq_nessos
D:15:     gammafunk_enter_depths_forms, layout_small_grid,
          chequers_serial_rivers_micro_b, uniq_jorgrun, uniq_rupert
Orc:1:    layout_diamond_mine, basic_altar, kennysheep_orc_chapel
Orc:2:    pubby_orc_utopia, uniq_josephine, uniq_donald, uniq_erolcha
Elf:1:    minmay_elf_arrival_plus, layout_loops_ring, serial_shops,
          shop_fountains, hangedman_elf_disciples
Elf:2:    nicolae_elf_blades_crystal_corner, layout_geoelf_diagonals,
          serial_co_window_serial, co_window_of_opportunity_a,
          co_window_paths_a, co_window_cross_1, co_window_paths_b,
          co_window_paths_a, co_window_2corner, co_window_unsneaky_path_c,
          co_window_of_opportunity_b, co_window_broadway_b, co_window_paths_c,
          glass_columns_b, glass_columns_a, glass_columns_a, glass_columns_b,
          glass_columns_b, serial_shops, bzr_entry_dummy, uniq_azrael

Skill      XL: |  1  2  3  4  5  6  7  8  9 10 11 12 13 14 15 |
---------------+----------------------------------------------+-----
Dodging        | 2 3 4 |  4.2
Long Blades    | 3 4 5 6 7 8 9 |  9.8
Armour         | 2 3 4 5 7 9 10 11 12 | 12.4
Fighting       | 4 5 6 7 8 9 10 11 | 11.0
Shields        | 1 2 4 5 6 8 9 11 13 14 | 14.2
Stealth        | 1 3 4 5 7 |  7.5
Polearms       | 3 6 7 |  7.0
Short Blades   | 5 7 |  7.7

Action                   |  1- 3 |  4- 6 |  7- 9 | 10-12 | 13-15 || total
-------------------------+-------+-------+-------+-------+-------++-------
Melee: Falchion          |   100 |    55 |       |       |       ||   155
       Double sword      |       |    64 |   498 |   155 |       ||   717
       Trident           |       |       |       |   239 |       ||   239
       Scimitar          |       |       |       |    25 |       ||    25
       Dagger            |       |       |       |   198 |  1294 ||  1492
Invok: Berserk           |     3 |     4 |    12 |     9 |    18 ||    46
  Use: Scroll            |       |     2 |     9 |    10 |    18 ||    39
       Potion            |       |       |       |       |     5 ||     5
 Stab: Distracted        |       |       |       |     8 |    26 ||    34
Armor: Animal skin       |     9 |       |       |       |       ||     9
       Leather armour    |    22 |     9 |       |       |       ||    31
       Troll leather arm |       |    25 |    22 |       |       ||    47
       Plate armour      |       |       |   389 |   355 |     2 ||   746
       Gold dragon scale |       |       |       |       |   386 ||   386
Dodge: Dodged            |    83 |    76 |   143 |   186 |   220 ||   708
Block: Other             |    12 |    24 |     2 |       |       ||    38
       Kite shield       |       |       |   331 |       |       ||   331
       Buckler           |       |       |    56 |   503 |   583 ||  1142
       Reflection        |       |       |       |    24 |    49 ||    73
       Rpst.: Falchion   |    26 |     6 |       |       |       ||    32
       Double sword      |       |    14 |    38 |    15 |       ||    67
       Scimitar          |       |       |       |     1 |       ||     1
